 Dungeon Crawl Stone Soup version 0.29.0-13-gc9e81de378 (webtiles) character file.

Game seed: 6814892917345902321

2153 raph the Firebug (level 9, -4/46 (50) HPs)
             Began as a Deep Elf Fire Elementalist on Sept 10, 2022.
             Was a Follower of Kikubaaqudgha.
             Slain by a wight
             ... wielding a +3 flail
              (6 damage)
             ... on level 6 of the Dungeon.
             The game lasted 00:12:03 (7782 turns).

raph the Firebug (Deep Elf Fire Elementalist)       Turns: 7782, Time: 00:12:04

HP:   -4/46 (50)    AC:  4    Str:  5    XL:     9   Next: 10%
MP:   12/19         EV: 14    Int: 29    God:    Kikubaaqudgha [*.....]
Gold: 425           SH:  0    Dex: 15    Spells: 0/19 levels left

rFire   . . .      SeeInvis .   u - +5 hand axe of Xom, Singing {vorpal, Int+4}
rCold   . . .      Faith    .   (no shield)
rNeg    . . .      Spirit   .   a - +0 robe
rPois   .          Reflect  .   (no helmet)
rElec   .          Harm     .   n - +0 cloak
rCorr   .          Rampage  .   (no gloves)
Will    .....                   o - +0 pair of boots
Stlth   +++.......              g - amulet of regeneration
HPRegen 0.95/turn               c - +4 ring of slaying
MPRegen 0.16/turn               (no ring)

@: drained
A: no striking features
a: Renounce Religion, Unearth Wretches


You were on level 6 of the Dungeon.
You worshipped Kikubaaqudgha.
Kikubaaqudgha was aware of your devotion.
You visited 2 branches of the dungeon, and saw 7 of its levels.

You collected 425 gold pieces.

Inventory:

Hand Weapons
 d - a +0 short sword
 m - a +5 quarterstaff of chaos
 p - a +0 shortbow
 u - the +5 hand axe of Xom, Singing (weapon) {vorpal, Int+4}
   (You found it on level 6 of the Dungeon)

   It inflicts extra damage upon your enemies.
   Int:       It affects your intelligence (+4).
Armour
 a - a +0 robe (worn)
 n - a +0 cloak (worn)
 o - a +0 pair of boots (worn)
Magical Staves
 k - a staff of death
Jewellery
 c - a +4 ring of slaying (left hand)
 g - an amulet of regeneration (around neck)
Wands
 j - a wand of polymorph (21)
 t - a wand of flame (18)
Scrolls
 b - a scroll of enchant weapon
 e - 6 scrolls of teleportation
 f - 3 scrolls of summoning
Potions
 h - 3 potions of curing
 i - 2 potions of berserk rage
 l - 2 potions of lignification {unknown}
 q - a potion of might {unknown}
 r - a potion of attraction {unknown}
 s - a potion of mutation {unknown}


   Skills:
 - Level 3.0 Fighting
 - Level 5.0 Dodging
 - Level 5.3 Stealth
 - Level 5.6 Spellcasting
 - Level 5.8 Conjurations
 * Level 4.6 Necromancy
 - Level 6.8 Fire Magic
 + Level 3.5 Earth Magic


You couldn't memorise any spells.
You knew the following spells:

 Your Spells              Type           Power      Damage    Failure   Level
a - Foxfire               Conj/Fire      100%       2x1d9     1%          1
b - Scorch                Fire           96%        2d10      1%          2
c - Sublimation of Blood  Necr           34%        N/A       1%          2
d - Flame Wave            Conj/Fire      45%        2d12      4%          4
e - Sandblast             Erth           56%        2d13      1%          1
f - Anguish               Hex/Necr       10%        N/A       22%         4
g - Borgnjor's Vile Clut  Necr/Erth      15%        N/A       30%         5

Your spell library contained the following spells:

 Spells                   Type           Power      Damage    Failure   Level
 Necrotise                Necr           100%       1d9       1%          1
 Conjure Flame            Conj/Fire      45%        6-21      1%          3
 Stone Arrow              Conj/Erth      70%        3d11      2%          3
 Vampiric Draining        Necr           34%        2d8       2%          3
 Passwall                 Tmut/Erth      15%        N/A       4%          2
 Inner Flame              Hex/Fire       28%        N/A       4%          3
 Animate Dead             Necr           34%        N/A       9%          4
 Gell's Gravitas          Tloc           8%         N/A       19%         3
 Lesser Beckoning         Tloc           8%         N/A       19%         3
 Teleport Other           Tloc           8%         N/A       19%         3
 Death Channel            Necr           17%        N/A       80%         6


Dungeon Overview and Level Annotations

Branches:
Dungeon (6/15)             Temple (1/1) D:4

Altars:
Ashenzari
Cheibriados
Dithmenos
Elyvilon
Fedhas
Gozag
Kikubaaqudgha
Makhleb
Nemelex Xobeh
Okawaru
Qazlal
Ru
Sif Muna
Trog
Uskayaw
Vehumet
Wu Jian
Xom
Zin

Annotations:
D:5 exclusion: statue


Message History

Found a sparkling altar of Nemelex Xobeh.
Casting: Foxfire (safe; 1% risk of failure)
Confirm with . or Enter, or press ? or * to list all spells.
You conjure some foxfire!
Casting: Foxfire (safe; 1% risk of failure)
Confirm with . or Enter, or press ? or * to list all spells.
You conjure some foxfire!
Your foxfire dissipates!
Casting: Foxfire (safe; 1% risk of failure)
Confirm with . or Enter, or press ? or * to list all spells.
You conjure some foxfire!
Casting: Foxfire (safe; 1% risk of failure)
Confirm with . or Enter, or press ? or * to list all spells.
You conjure some foxfire!
Casting: Foxfire (safe; 1% risk of failure)
Confirm with . or Enter, or press ? or * to list all spells.
You conjure some foxfire!
Your foxfire dissipates!
Your foxfire dissipates!
Your foxfire dissipates!
The teleport trap disappears.
The wight disappears!
You start resting.
Your foxfire dissipates!
A wight comes into view. It is wielding a +4 morningstar.
The wight hits you with a +3 flail! The wight hits you with a +3 flail!
You feel drained. The wight hits you with a +3 flail!
* * * LOW HITPOINT WARNING * * *
You feel drained.
* * * LOW HITPOINT WARNING * * *
Casting: Foxfire (safe; 1% risk of failure)
Confirm with . or Enter, or press ? or * to list all spells.
Casting: Flame Wave (dangerous; 4% risk of failure)
Press: ? - help, Dir - look around, f - activate A wave of flame ripples out!
The flame wave engulfs the wight!
The wight is severely damaged. (Press . to intensify the flame waves.)
The wight hits you with a +3 flail.
You die...
Kikubaaqudgha rasps: "You have failed me!
Welcome... death!"

#..#8...#..8#.#
#...###'####..#
#.............##
.>..###.........###
. #...............
#.####.####.####
#.#.......# # #
#.......# #.....z@#
#..._.....#
#.......#z#
#.......#.#
#.......# #
####^#### ... ...


You could see 2 wights.

Vanquished Creatures
  Grinder (D:4)
  Sigmund (D:5)
  3 water moccasins
  Duvessa (D:4)
  An ice beast (D:6)
  An ogre (D:5)
  A centaur (D:4)
  A phantom (D:6)
  A bullfrog (D:6)
  A necrophage (D:6)
  2 scorpions
  4 wights (D:6)
  Dowan (D:4)
  Crazy Yiuf (D:2)
  2 jellies
  3 orc priests (D:4)
  A gnoll bouda (D:5)
  2 iguanas
  Terence (D:2)
  An orc wizard (D:4)
  12 gnolls
  5 adders
  A shadow imp (D:5)
  An ufetubus (D:6)
  2 worms (D:2)
  2 dart slugs
  7 orcs
  3 ball pythons
  10 endoplasms
  A giant cockroach (D:3)
  8 goblins
  5 hobgoblins
  7 jackals
  A quokka (D:2)
  5 bats
  3 frilled lizards
  9 kobolds
  8 rats
120 creatures vanquished.

Vanquished Creatures (others)
  394 foxfires
394 creatures vanquished.

Grand Total: 514 creatures vanquished

Notes
Turn   | Place    | Note
-------+----------+-------------------------------------------
     0 | D:1      | raph the Deep Elf Fire Elementalist began the quest for the
                  | Orb.
     0 | D:1      | Reached XP level 1. HP: 10/10 MP: 6/6
   557 | D:1      | Reached XP level 2. HP: 15/15 MP: 5/8
   601 | D:1      | Learned a level 2 spell: Scorch
  1406 | D:1      | Found a faded altar of an unknown god.
  1559 | D:1      | Reached XP level 3. HP: 20/20 MP: 5/9
  1563 | D:1      | Learned a level 3 spell: Conjure Flame
  2082 | D:2      | Noticed Terence
  2093 | D:2      | Killed Terence
  2094 | D:2      | Reached skill level 4 in Fire Magic
  2180 | D:2      | Reached XP level 4. HP: 24/24 MP: 4/11
  2260 | D:2      | Reached skill level 1 in Fighting
  2651 | D:2      | Identified a scroll of acquirement
  2651 | D:2      | Acquired an amulet of regeneration
  2724 | D:2      | Found a runed translucent door.
  2725 | D:2      | Noticed Crazy Yiuf
  2738 | D:2      | Killed Crazy Yiuf
  2739 | D:2      | Reached XP level 5. HP: 17/29 MP: 4/12
  3354 | D:2      | Identified the +3 pair of gloves of Pipno Cuc {Harm rF-
                  | rC+}
  3629 | D:3      | Learned a level 4 spell: Flame Wave
  4266 | D:4      | Noticed a centaur
  4268 | D:4      | Killed a centaur
  4269 | D:4      | Reached XP level 6. HP: 24/34 MP: 8/14
  4365 | D:4      | Noticed Grinder
  4383 | D:4      | Paralysed by Grinder for 4 turns
  4389 | D:4      | Killed Grinder
  4390 | D:4      | Reached skill level 5 in Fire Magic
  4556 | D:4      | Noticed Duvessa
  4580 | D:4      | Noticed Dowan
  4582 | D:4      | Killed Duvessa
  4583 | D:4      | Reached XP level 7. HP: 40/40 MP: 3/15
  4591 | D:4      | Killed Dowan
  4808 | D:4      | Found a staircase to the Ecumenical Temple.
  4870 | Temple   | Entered the Ecumenical Temple
  5038 | Temple   | Became a worshipper of Kikubaaqudgha
  5470 | D:4      | Reached skill level 1 in Necromancy
  6128 | D:5      | Entered Level 5 of the Dungeon
  6329 | D:5      | Learned a level 1 spell: Sandblast
  6503 | D:5      | Noticed Sigmund
  6509 | D:5      | Killed Sigmund
  6510 | D:5      | Reached skill level 5 in Spellcasting
  6510 | D:5      | Reached skill level 5 in Conjurations
  6510 | D:5      | Reached skill level 6 in Fire Magic
  6510 | D:5      | Reached skill level 1 in Earth Magic
  6510 | D:5      | Reached XP level 8. HP: 45/45 MP: 11/17
  6806 | D:5      | Found a radiant altar of Vehumet.
  7264 | D:6      | Reached skill level 5 in Stealth
  7270 | D:6      | Reached * piety under Kikubaaqudgha
  7270 | D:6      | Received a gift from Kikubaaqudgha
  7346 | D:6      | Learned a level 4 spell: Anguish
  7401 | D:6      | Found a burning altar of Makhleb.
  7407 | D:6      | Reached skill level 5 in Dodging
  7529 | D:6      | Learned a level 2 spell: Sublimation of Blood
  7548 | D:6      | Reached XP level 9. HP: 45/50 MP: 13/19
  7554 | D:6      | Learned a level 5 spell: Borgnjor's Vile Clutch
  7584 | D:6      | Found a shimmering blue altar of Sif Muna.
  7585 | D:6      | Found a shadowy altar of Dithmenos.
  7706 | D:6      | Identified the +5 hand axe of Xom, Singing {vorpal, Int+4}
  7765 | D:6      | Found a sparkling altar of Nemelex Xobeh.
  7781 | D:6      | HP: 1/46 [wight/+3 flail (6)]
  7782 | D:6      | Slain by a wight

Illustrated notes

Levels and vault maps discovered:
D:1:      minmay_arrival_stair_chambers, layout_basic,
          shapermc_ecumenical_altar_mp_urbaneastern, minmay_pentomino_z4
D:2:      layout_loops_cross, uniq_crazy_yiuf_cottage, uniq_terence
D:3:      layout_rooms, minmay_distorted
D:4:      layout_basic, minmay_temple_entry_proselytizer, moated_statue,
          bh_walls_and_bars, uniq_grinder, uniq_duvessa
D:5:      layout_basic, vehumet_statue, uniq_sigmund
D:6:      layout_rooms, lemuel_tele_altar, bloody_makhleb,
          mainiacjoe_overflow_divided_tiny, minivault_1
Temple:   nicolae_temple_bog_church

Skill      XL: |  1  2  3  4  5  6  7  8  9 |
---------------+----------------------------+-----
Conjurations   | 2 3 4 5 |  5.8
Fire Magic     | 4 5 6 |  6.8
Stealth        | 3 4 5 |  5.3
Dodging        | 3 4 5 |  5.0
Fighting       | 1 2 3 |  3.0
Spellcasting   | 4 5 |  5.6
Necromancy     | 1 3 4 |  4.6
Earth Magic    | 1 3 |  3.5

Action                   |  1- 3 |  4- 6 |  7- 9 || total
-------------------------+-------+-------+-------++-------
Melee: Short sword       |     4 |       |     3 ||     7
       Hand axe          |       |       |     1 ||     1
 Cast: Foxfire           |    75 |    67 |    92 ||   234
       Scorch            |     3 |    12 |    14 ||    29
       Flame Wave        |       |     3 |     8 ||    11
  Use: Scroll            |     4 |     3 |     5 ||    12
       Potion            |     1 |     1 |     1 ||     3
 Stab: Sleeping          |     1 |       |     2 ||     3
Armor: Skin              |     3 |       |       ||     3
       Robe              |       |     2 |     4 ||     6
Dodge: Dodged            |     8 |    16 |    20 ||    44
